 Dungeon Crawl Stone Soup version 0.31-a0-692-gf03d1854d5 (webtiles) character file.

Game seed: 2161193308156433588

212148 qw the Crack Shot (level 18, -29/127 HPs)
             Began as a Gargoyle Hunter on Sept 6, 2023.
             Was a High Priest of Okawaru.
             Annihilated by a titanic slime creature (73 damage)
             ... on level 2 of the Vaults.
             The game lasted 00:16:53 (31425 turns).

qw the Crack Shot (Gargoyle Hunter)                Turns: 31425, Time: 00:16:54

Health: -29/127    AC: 36    Str: 17    XL:     18   Next: 91%
Magic:  25/25      EV: 35    Int: 12    God:    Okawaru [*****.]
Gold:   1201       SH:  0    Dex: 26    Spells: 17/17 levels left

rFire   + . .        z - +7 triple crossbow (heavy)
rCold   + . .        (shield currently unavailable)
rNeg    + . .        p - +4 steam dragon scales
rPois   inf          i - +3 crown of Dyrovepreva {rElec Int+2 SInv}
rElec   +            o - scarf {rC+ rF+}
rCorr   .            m - +2 pair of gloves {Dex+3}
SInv    +            x - -2 pair of boots of Okawaru {Will+ Dex+4 Stlth+}
Will    ++...        h - amulet of faith
Stlth   +++++        w - +4 ring of protection
HPRegen 0.41/turn    s - +5 ring of evasion
MPRegen 0.19/turn

%: faith
@: heroic, flying
A: sickness immunity, AC +13, big wings, negative energy resistance 1,
electricity resistance, torment resistance 1, petrification resistance
}: 1/15 runes: gossamer
a: Renounce Religion, Heroism, Finesse, Duel


You were on level 2 of the Vaults.
You worshipped Okawaru.
Okawaru was extremely pleased with you.
You visited 7 branches of the dungeon, and saw 32 of its levels.
You also visited: Sewer.

You collected 3992 gold pieces.
You spent 2791 gold pieces at shops.


Innate Abilities, Weirdness & Mutations

You are immune to sickness and miasma.
Your stone body is resilient. (AC +13)
You are immune to poison.
Your large and strong wings let you fly.
You resist negative energy. (rN+)
You are resistant to electric shocks. (rElec)
You are resistant to unholy torment.
You are immune to petrification.


   Skills:
 + Level 18.9(23.9) Fighting
 - Level 22.0(27) Ranged Weapons
 - Level 9.0(14.0) Armour
 - Level 13.0(18.0) Dodging
 - Level 1.1(6.1) Stealth
 - Level 10.0 Invocations


You had 17 spell levels left.
You didn't know any spells.
Your spell library was empty.

Inventory:

Hand Weapons
 z - a +7 heavy triple crossbow (weapon)
Armour
 i - the +3 crown of Dyrovepreva (worn) {rElec Int+2 SInv}
   (You bought it in a shop on level 3 of the Dungeon)

   Int+2:     It affects your intelligence (+2).
   rElec:     It insulates you from electricity.
   SInv:      It lets you see invisible.
 j - the +2 cloak of the Beekeeper {rF- Str+3 Int+5}
   (Okawaru gifted it to you on level 3 of the Spider Nest)

   Str+3:     It affects your strength (+3).
   Int+5:     It affects your intelligence (+5).
   rF-:       It makes you vulnerable to fire.
 k - a +1 cloak
 m - a +2 pair of gloves of dexterity (worn)
 o - a scarf of resistance (worn)
 p - +4 steam dragon scales (worn)
 x - the -2 pair of boots of Okawaru (worn) {Will+ Dex+4 Stlth+}
   (Okawaru gifted it to you on level 15 of the Dungeon)

   Dex+4:     It affects your dexterity (+4).
   Will+:     It increases your willpower.
   Stlth+:    It makes you more stealthy.
 y - a +2 robe of fire resistance
Jewellery
 h - an amulet of faith (around neck)
 s - a +5 ring of evasion (right hand)
 w - a +4 ring of protection (left hand)
Wands
 b - a wand of digging (5)
Scrolls
 a - 19 scrolls of identify
 v - 2 scrolls of teleportation
Potions
 c - 5 potions of cancellation
 d - 6 potions of curing
 e - 10 potions of haste
 f - 7 potions of enlightenment
 l - 4 potions of might
 n - a potion of resistance
 q - 3 potions of magic
 u - a potion of mutation

Dungeon Overview and Level Annotations

Branches:
Dungeon (15/15)            Temple (1/1) D:6            Lair (5/5) D:10
  Swamp (3/4) Lair:2       Spider (4/4) Lair:2        Slime (0/5) Lair:4
    Orc (2/2) D:11            Elf (0/3) Orc:2        Vaults (2/5) D:13
 Depths (0/4) D:15          Sewer (visited)
  Crypt: Vaults:2-3

Altars:
Ashenzari
Cheibriados
Dithmenos
Elyvilon
Fedhas
Gozag
Hepliaklqana
Kikubaaqudgha
Makhleb
Nemelex Xobeh
Okawaru
Qazlal
Ru
Sif Muna
Trog
Uskayaw
Vehumet
Wu Jian
Xom
Yredelemnul
Zin
The Shining One
Jiyva

Shops:
D:3 [   Orc:2 ?[?[*=*

Portals:
Pandemonium: Orc:2
Trove: D:15 (give +6 demon trident)

Annotations:
D:12 1 runed translucent door, Awosutz's ghost, journeyman GrFi
Swamp:2 exclusions: 2 bog bodies and 2 spectral things
Spider:2 1 runed translucent door, robotcentaur's ghost, adept TeNe


Message History

The dire elephant is lightly wounded.
The vault sentinel blows a loud note on a signal horn!
You hear a shout! x4
You shoot a bolt. The bolt hits the dire elephant!!
The dire elephant is moderately wounded.
The dire elephant completely misses you.
The dire elephant misses you.
The vault sentinel blows a loud note on a signal horn!
You hear a horrible gurgling sound!
You shoot a bolt. The bolt hits the dire elephant!
The dire elephant is moderately wounded.
You hear a horrible gurgling sound!
The dire elephant misses you. x2; The dire elephant barely misses you.
The dire elephant completely misses you.
You shoot a bolt. The bolt hits the dire elephant!!!
The dire elephant is severely wounded.
The dire elephant barely misses you. The dire elephant closely misses you.
You shoot a bolt. The bolt hits the dire elephant!!!
You kill the dire elephant!
Okawaru accepts your kill.
The vault sentinel blows a loud note on a signal horn!
The titanic slime creature completely misses you.
You hear a horrible gurgling sound!
You hear a shout! x2
You shoot a bolt.
The bolt barely misses the titanic slime creature.
The bolt hits the vault sentinel.
The vault sentinel is lightly wounded.
The titanic slime creature completely misses you.
You shoot a bolt.
The bolt hits the titanic slime creature!!!!
The titanic slime creature is almost dead.
The titanic slime creature barely misses you. x2
You shoot a bolt.
The bolt completely misses the titanic slime creature.
The bolt hits the vault sentinel!!!
You kill the vault sentinel!
Okawaru accepts your kill. The titanic slime creature hits you!!!!
Ouch! That really hurt!
You die...

......'..#
#..##.(#..#
......#..#
#..##..#..#
#######..#
#..##..#..# #..#
##''##)'#!.#
#..####..........#
#................#
#######)######'######
.........#.#........#
.....>...#@#........#
.........#J#........#
.........#)#........#
.........#.'........#
.........'.#........#
##########)#........#
..#........#
...#........
....#........


You could see a titanic slime creature.

Vanquished Creatures
  Jorgrun (D:14)
  2 thorn hunters
  5 emperor scorpions
  A vault warden (Vaults:1)
  6 ghost moths
  5 ironbound preservers
  3 very ugly things (Vaults:2)
  A war gargoyle (Vaults:1)
  3 ironbound thunderhulks (Vaults:1)
  6 dire elephants
  5 bunyips
  2 eleionomae
  A spark wasp (Swamp:2)
  A crystal guardian (Vaults:1)
  Snorg (D:14)
  3 shambling mangroves
  2 yaktaur captains (Vaults:1)
  2 vault guards
  3 entropy weavers
  3 great orbs of eyes
  3 jorogumos
  A spriggan air mage (Swamp:2)
  6 hydras
  7 alligators
  A peacekeeper (Vaults:1)
  A catoblepas (Lair:5)
  A demonspawn (Orc:2)
  3 ironbound frosthearts
  2 centaur warriors (D:13)
  6 boulder beetles
  2 radroaches
  2 ghost crabs
  Erica (D:8)
  2 two-headed ogres
  7 death scarabs (Spider:4)
  8 death yaks
  2 tengu warriors
  A deep troll shaman (Lair:5)
  3 demonic crawlers
  4 orc high priests (Orc:2)
  6 pharaoh ants
  4 skeletal warriors
  4 skysharks
  9 deep trolls (Vaults:1)
  4 swamp dragons
  9 goliath frogs
  5 orb spiders
  3 wizards
  6 bog bodies (Swamp:2)
  2 spectral wolf spiders (Spider:4)
  A spectral jorogumo (Spider:4)
  23 slime creatures
  4 lindwurms
  7 steelbarb worms
  A necromancer (D:15)
  5 ironbound convokers
  5 orc knights
  2 deep elf zephyrmancers (D:15)
  10 ugly things
  4 deep elf pyromancers
  8 orc sorcerers
  5 manticores
  14 wolf spiders
  5 cyclopes
  5 moths of wrath
  3 will-o-the-wisps
  Maurice (Orc:2)
  A centaur zombie (D:15)
  5 vault sentinels
  4 black mambas
  9 elephants (Lair:5)
  4 gargoyles (D:13)
  6 spectral spriggans (Swamp:2)
  6 torpor snails
  14 cane toads
  An orange demon (Orc:2)
  A centaur skeleton (D:15)
  2 rime drakes
  Maggie (D:8)
  2 efreet
  2 spectral redbacks (Spider:4)
  9 yaktaurs
  An ice devil (Orc:2)
  11 komodo dragons
  3 tengu conjurers
  A kobold demonologist (D:12)
  3 bloated husks
  3 meliai (Spider:4)
  6 trolls
  A jumping spider zombie (Spider:4)
  A hellwing (Orc:2)
  7 hornets
  2 spectral jumping spiders (Spider:4)
  13 blink frogs
  15 tarantellas
  2 polar bears (Lair:5)
  6 tyrant leeches
  3 spectral tarantellas (Spider:4)
  3 tarantella zombies (Spider:4)
  A culicivora zombie (Spider:4)
  13 dream sheep
  20 jumping spiders
  A meliai zombie (D:15)
  22 culicivoras
  3 shadows
  2 centaur simulacra (D:15)
  3 vampires
  9 wyverns
  2 spriggans
  45 yaks
  A human (D:13)
  9 basilisks
  A neqoxec (Orc:2)
  34 redbacks
  14 vampire mosquitoes
  4 wargs (Orc:2)
  10 swamp worms
  22 water moccasins
  2 acid dragons
  5 black bears
  3 sky beasts
  A swamp drake (Swamp:2)
  25 orc warriors
  A hornet zombie (D:15)
  5 centaurs
  14 wolves
  7 ogres
  4 boggarts (Vaults:1)
  2 phantoms
  2 gnoll sergeants
  3 scorpions
  13 bullfrogs
  7 wights
  10 killer bees
  4 electric eels
  7 howler monkeys
  8 jellies
  4 bullfrog zombies (D:5)
  4 hounds
  31 orc priests
  A gnoll bouda (D:5)
  5 iguanas
  A scorpion zombie (D:5)
  A sleepcap (D:4)
  16 orc wizards
  2 lightning spires (Swamp:1)
  Robin (D:2)
  18 gnolls
  10 adders
  8 river rats
  An ufetubus (D:7)
  4 worms
  3 dart slugs
  91 orcs
  7 endoplasms
  4 giant cockroaches
  8 hobgoblins
  2 jackals (D:2)
  6 kobolds
  2 quokkas
  20 ball pythons
  5 bats
  6 frilled lizards
  14 goblins
  31 rats
  A ball lightning (Swamp:1)
1068 creatures vanquished.

Vanquished Creatures (others)
  3 bloated husks
  A ball lightning (Swamp:1)
  8 foxfires (Swamp:3)
12 creatures vanquished.

Grand Total: 1080 creatures vanquished

Notes
Turn   | Place    | Note
-------+----------+-------------------------------------------
     0 | D:1      | qw the Gargoyle Hunter began the quest for the Orb.
     0 | D:1      | Reached XP level 1. HP: 12/12 MP: 1/1
     0 | D:1      | 0 ||| qw: Version: 0.3-a-76-g4403597
     0 | D:1      | 0 ||| qw: Game counter: 64
     0 | D:1      | 0 ||| qw: Melee chars always use a shield: true
     0 | D:1      | 0 ||| qw: God list: Okawaru
     0 | D:1      | 0 ||| qw: Allow faded altars: false
     0 | D:1      | 0 ||| qw: Do Orc after clearing Dungeon:15 true
     0 | D:1      | 0 ||| qw: Do second Lair branch before Depths: true
     0 | D:1      | 0 ||| qw: Lair rune preference: random
     0 | D:1      | 0 ||| qw: Goals: Normal
     0 | D:1      | 0 ||| PLANNING D:1-11
   110 | D:1      | Reached XP level 2. HP: 17/17 MP: 2/2
   383 | D:1      | Reached XP level 3. HP: 21/21 MP: 3/3
   531 | D:1      | 531 ||| UPGRADING to +0 ring mail.
   541 | D:1      | 541 ||| DROPPING +0 leather armour.
   542 | D:1      | 542 ||| READING 2 scrolls labelled HIUZ PYBUD.
   543 | D:1      | 543 ||| READING scroll labelled LOCU NUEME.
   543 | D:1      | Identified a scroll of acquirement
   543 | D:1      | 543 ||| ACQUIRING 1100 gold pieces
   543 | D:1      | Acquired 1100 gold pieces
   545 | D:1      | 545 ||| READING scroll labelled ZUEFAW HYS SANYU.
   546 | D:1      | 546 ||| READING scroll labelled FUFFE MISSUMUO.
   550 | D:1      | 550 ||| DROPPING scroll of butterflies.
   659 | D:2      | Reached skill level 1 in Armour
   713 | D:2      | Reached skill level 5 in Ranged Weapons
  1014 | D:2      | Noticed Robin
  1028 | D:2      | Killed Robin
  1029 | D:2      | Reached skill level 3 in Fighting
  1029 | D:2      | Reached XP level 4. HP: 21/28 MP: 4/4
  1449 | D:2      | 1449 ||| UPGRADING to +0 helmet.
  1454 | D:2      | 1454 ||| DRINKING 2 white potions.
  1455 | D:2      | 1455 ||| DRINKING 2 cyan potions.
  1491 | D:3      | 1491 ||| Stepping ~*~*~tactically~*~*~ (retreating).
  1622 | D:3      | HP: 5/28 [orc priest/divine providence (12)]
  1623 | D:3      | 1623 ||| DRINKING potion of heal wounds.
  1626 | D:3      | Reached XP level 5. HP: 18/32 MP: 5/5
  1653 | D:3      | 1653 ||| FLEEEEING.
  1659 | D:3      | 1659 ||| FLEEEEING.
  1772 | D:3      | Found Odolizi's Antique Armour Emporium.
  1777 | D:3      | 1777 ||| BUYING +3 crown of Dyrovepreva {rElec Int+2 SInv}
                  | (703 gold).
  1777 | D:3      | Bought the +3 crown of Dyrovepreva {rElec Int+2 SInv} for
                  | 703 gold pieces
  1777 | D:3      | Found the +3 crown of Dyrovepreva {rElec Int+2 SInv}
  1777 | D:3      | 1777 ||| BUYING cloak (76 gold).
  1777 | D:3      | Bought a cloak for 76 gold pieces
  1777 | D:3      | 1777 ||| BUYING pair of gloves (76 gold).
  1777 | D:3      | Bought a pair of gloves for 76 gold pieces
  1777 | D:3      | 1777 ||| BUYING pair of glowing gloves (127 gold).
  1777 | D:3      | Bought a pair of glowing gloves for 127 gold pieces
  1821 | D:3      | Reached skill level 6 in Ranged Weapons
  1835 | D:3      | Identified the +4 falchion of Departure {freeze, rC+}
  1890 | D:3      | Found a shadowy altar of Dithmenos.
  2147 | D:3      | 2147 ||| UPGRADING to +3 crown of Dyrovepreva {rElec Int+2
                  | SInv}.
  2157 | D:3      | 2157 ||| DROPPING +0 helmet.
  2158 | D:3      | 2158 ||| UPGRADING to +0 cloak.
  2163 | D:3      | 2163 ||| UPGRADING to +0 pair of gloves.
  2168 | D:3      | 2168 ||| UPGRADING to +2 pair of gloves of dexterity.
  2178 | D:3      | 2178 ||| DROPPING +0 pair of gloves.
  2179 | D:3      | 2179 ||| UPGRADING to scarf of resistance.
  2189 | D:3      | 2189 ||| UPGRADING to ring of resist corrosion.
  2190 | D:3      | 2190 ||| READING 2 scrolls labelled RESKOBLI YQOORPH.
  2191 | D:3      | 2191 ||| READING 3 scrolls of identify.
  2191 | D:3      | 2191 ||| IDENTIFYING glowing coppery potion
  2192 | D:3      | 2192 ||| READING 2 scrolls of identify.
  2192 | D:3      | 2192 ||| IDENTIFYING smoky green potion
  2193 | D:3      | 2193 ||| DROPPING potion of attraction.
  2194 | D:3      | 2194 ||| DROPPING scroll of fear.
  2201 | D:4      | 2201 ||| PLANNING SEWER
  2380 | D:4      | Reached XP level 6. HP: 34/38 MP: 6/6
  2584 | D:4      | Reached skill level 7 in Ranged Weapons
  2636 | D:4      | Found a glowing drain.
  2669 | Sewer    | Entered a sewer
  2823 | Sewer    | 2823 ||| Stepping ~*~*~tactically~*~*~ (water).
  2831 | Sewer    | 2831 ||| Stepping ~*~*~tactically~*~*~ (water).
  2845 | Sewer    | Reached XP level 7. HP: 39/43 MP: 7/7
  2915 | Sewer    | 2915 ||| Stepping ~*~*~tactically~*~*~ (water).
  3047 | Sewer    | 3047 ||| READING 2 scrolls labelled KUTEFO USYKU.
  3048 | Sewer    | 3048 ||| READING scroll labelled BAGRAO HEUFO.
  3049 | Sewer    | 3049 ||| READING scroll labelled LARGHI NEDIPP.
  3050 | Sewer    | 3050 ||| DRINKING 3 lumpy cyan potions.
  3051 | Sewer    | 3051 ||| DRINKING 3 bubbling red potions.
  3052 | Sewer    | 3052 ||| READING 3 scrolls of identify.
  3052 | Sewer    | 3052 ||| IDENTIFYING fizzy golden potion
  3053 | Sewer    | 3053 ||| READING 2 scrolls of identify.
  3053 | Sewer    | 3053 ||| IDENTIFYING fizzy white potion
  3054 | Sewer    | 3054 ||| DROPPING scroll of revelation.
  3055 | Sewer    | 3055 ||| DROPPING potion of ambrosia.
  3056 | Sewer    | 3056 ||| DROPPING 2 potions of brilliance.
  3057 | Sewer    | 3057 ||| DROPPING 2 potions of magic.
  3061 | D:4      | 3061 ||| PLANNING D:1-11
  3135 | D:4      | 3135 ||| Stepping ~*~*~tactically~*~*~ (outnumbered).
  3147 | D:4      | Reached skill level 8 in Ranged Weapons
  3289 | D:4      | Found a burning altar of Makhleb.
  3414 | D:4      | Found a hazy altar of Hepliaklqana.
  3496 | D:4      | 3496 ||| UPGRADING to amulet of faith.
  3501 | D:4      | 3501 ||| READING 2 scrolls labelled XISOS LEFIDYSOOGA.
  3520 | D:5      | Entered Level 5 of the Dungeon
  3555 | D:5      | 3555 ||| FLEEEEING.
  3573 | D:5      | 3573 ||| Stepping ~*~*~tactically~*~*~ (outnumbered).
  3575 | D:5      | 3575 ||| Stepping ~*~*~tactically~*~*~ (outnumbered).
  3587 | D:5      | Reached XP level 8. HP: 30/49 MP: 8/8
  3703 | D:5      | Reached skill level 9 in Ranged Weapons
  3756 | D:5      | Found a snail-covered altar of Cheibriados.
  3941 | D:5      | Reached skill level 6 in Fighting
  4106 | D:5      | 4106 ||| Stepping ~*~*~tactically~*~*~ (outnumbered).
  4128 | D:5      | 4128 ||| DRINKING 3 potions of curing.
  4128 | D:5      | 4128 ||| (to cure confusion)
  4133 | D:5      | 4133 ||| DRINKING 2 potions of curing.
  4133 | D:5      | 4133 ||| (to cure confusion)
  4367 | D:5      | Reached skill level 10 in Ranged Weapons
  4423 | D:5      | Found a basalt altar of Yredelemnul.
  4442 | D:5      | Reached XP level 9. HP: 55/55 MP: 9/9
  4550 | D:5      | 4550 ||| UPGRADING to +0 robe of willpower.
  4560 | D:5      | 4560 ||| READING scroll labelled VUIFUXOMOM.
  4632 | D:6      | Reached skill level 3 in Dodging
  4955 | D:6      | Found a broken altar of Ashenzari.
  5040 | D:6      | Found a staircase to the Ecumenical Temple.
  5041 | D:6      | 5041 ||| PLANNING TEMPLE
  5046 | Temple   | Entered the Ecumenical Temple
  5047 | Temple   | 5047 ||| PLANNING D:1-11
  5191 | D:6      | Found a shimmering altar of Xom.
  5191 | D:6      | Found an opulent altar of Gozag.
  5445 | D:7      | 5445 ||| Stepping ~*~*~tactically~*~*~ (retreating).
  5460 | D:7      | Reached skill level 11 in Ranged Weapons
  5482 | D:7      | Found an iron altar of Okawaru.
  5483 | D:7      | 5483 ||| PLANNING OKAWARU WORSHIP
  5493 | D:7      | Became a worshipper of Warmaster Okawaru
  5494 | D:7      | 5494 ||| PLANNING D:1-11
  5551 | D:7      | 5551 ||| Stepping ~*~*~tactically~*~*~ (water).
  5580 | D:7      | 5580 ||| RETREATING.
  5590 | D:7      | 5590 ||| Stepping ~*~*~tactically~*~*~ (retreating).
  5591 | D:7      | 5591 ||| Stepping ~*~*~tactically~*~*~ (retreating).
  5621 | D:7      | HP: 9/59 [orc priest/divine providence (17)]
  5622 | D:7      | 5622 ||| READING scroll of teleportation.
  5623 | D:7      | 5623 ||| DRINKING potion of heal wounds.
  5858 | D:7      | Reached * piety under Okawaru
  5924 | D:7      | 5924 ||| INVOKING Heroism.
  5937 | D:7      | Reached skill level 1 in Invocations
  6010 | D:7      | You fall into a shaft and drop 3 floors!
  6010 | D:10     | Entered Level 10 of the Dungeon
  6011 | D:10     | 6011 ||| READING scroll labelled RAMUIMO LOPLU.
  6023 | D:9      | Reached XP level 10. HP: 64/64 MP: 11/11
  6047 | D:8      | Noticed Maggie
  6049 | D:8      | 6049 ||| Stepping ~*~*~tactically~*~*~ (outnumbered).
  6050 | D:8      | 6050 ||| Stepping ~*~*~tactically~*~*~ (outnumbered).
  6051 | D:8      | 6051 ||| Stepping ~*~*~tactically~*~*~ (outnumbered).
  6055 | D:8      | 6055 ||| INVOKING Heroism.
  6069 | D:8      | HP: 15/64 [Maggie/+0 scimitar of pain (9)]
  6079 | D:8      | Killed Maggie
  6080 | D:8      | Reached skill level 3 in Invocations
  6082 | D:8      | 6082 ||| INVOKING Heroism.
  6082 | D:8      | HP: 14/64 [centaur (3)]
  6263 | D:8      | 6263 ||| INVOKING Heroism.
  6300 | D:8      | 6300 ||| Stepping ~*~*~tactically~*~*~ (retreating).
  6301 | D:8      | 6301 ||| Stepping ~*~*~tactically~*~*~ (retreating).
  6302 | D:8      | 6302 ||| Stepping ~*~*~tactically~*~*~ (retreating).
  6375 | D:8      | 6375 ||| SWAPPING to +0 orcbow.
  6376 | D:8      | 6376 ||| DROPPING +1 shortbow.
  6495 | D:8      | 6495 ||| INVOKING Heroism.
  6628 | D:8      | Noticed Erica
  6629 | D:8      | 6629 ||| Stepping ~*~*~tactically~*~*~ (outnumbered).
  6663 | D:8      | 6663 ||| INVOKING Heroism.
  6675 | D:8      | Killed Erica
  6675 | D:8      | Reached ** piety under Okawaru
  6676 | D:8      | Reached skill level 12 in Ranged Weapons
  6790 | D:8      | Found a white marble altar of Elyvilon.
  6898 | D:8      | 6898 ||| INVOKING Heroism.
  6930 | D:8      | 6930 ||| DROPPING +0 ring mail.
  6931 | D:8      | 6931 ||| UPGRADING to +0 steam dragon scales.
  6941 | D:8      | 6941 ||| DROPPING +0 robe of willpower.
  6942 | D:8      | 6942 ||| READING scroll of enchant armour.
  6942 | D:8      | 6942 ||| ENCHANTING +0 steam dragon scales.
  6943 | D:8      | 6943 ||| DROPPING ring of flight.
  6944 | D:8      | 6944 ||| READING 2 scrolls labelled VINIOPPYBYE.
  6945 | D:8      | 6945 ||| DROPPING scroll of noise.
  7056 | D:7      | Found a shimmering blue altar of Sif Muna.
  7285 | D:9      | 7285 ||| Stepping ~*~*~tactically~*~*~ (outnumbered).
  7287 | D:9      | 7287 ||| Stepping ~*~*~tactically~*~*~ (outnumbered).
  7324 | D:9      | Reached skill level 3 in Armour
  7386 | D:9      | 7386 ||| RETREATING.
  7394 | D:9      | 7394 ||| INVOKING Heroism.
  7407 | D:9      | Reached skill level 13 in Ranged Weapons
  7419 | D:9      | Reached *** piety under Okawaru
  7556 | D:9      | 7556 ||| INVOKING Heroism.
  7564 | D:9      | Reached skill level 9 in Fighting
  7564 | D:9      | Reached XP level 11. HP: 71/71 MP: 11/14
  7603 | D:9      | 7603 ||| RETREATING.
  7635 | D:9      | Reached **** piety under Okawaru
  7645 | D:9      | 7645 ||| INVOKING Heroism.
  7664 | D:9      | 7664 ||| INVOKING Heroism.
  7701 | D:9      | Found a viscous altar of Jiyva.
  7725 | D:9      | 7725 ||| INVOKING Heroism.
  7811 | D:9      | 7811 ||| INVOKING Heroism.
  7830 | D:9      | Found a blossoming altar of Fedhas.
  7898 | D:9      | 7898 ||| INVOKING Heroism.
  8000 | D:9      | Found a bloodstained altar of Trog.
  8061 | D:9      | 8061 ||| UPGRADING to +0 pair of boots.
  8066 | D:9      | 8066 ||| READING scroll labelled ICSUELLUGHE.
  8067 | D:9      | 8067 ||| READING 2 scrolls of identify.
  8067 | D:9      | 8067 ||| IDENTIFYING fizzy coppery potion
  8172 | D:10     | 8172 ||| RETREATING.
  8256 | D:10     | Found an ancient bone altar of Kikubaaqudgha.
  8713 | D:10     | 8713 ||| RETREATING.
  8752 | D:10     | 8752 ||| INVOKING Heroism.
  8765 | D:10     | Reached skill level 14 in Ranged Weapons
  8778 | D:10     | 8778 ||| INVOKING Heroism.
  8783 | D:10     | Reached skill level 6 in Invocations
  8912 | D:10     | Found a staircase to the Lair.
  8994 | D:10     | 8994 ||| PLANNING LAIR
  9035 | Lair:1   | Entered Level 1 of the Lair of Beasts
  9036 | Lair:1   | 9036 ||| INVOKING Heroism.
  9040 | Lair:1   | 9040 ||| STAIRDANCE
  9062 | Lair:1   | 9062 ||| INVOKING Heroism.
  9109 | Lair:1   | 9109 ||| INVOKING Heroism.
  9114 | Lair:1   | 9114 ||| RETREATING.
  9127 | Lair:1   | 9127 ||| RETREATING.
  9169 | Lair:1   | 9169 ||| INVOKING Heroism.
  9229 | Lair:1   | 9229 ||| INVOKING Heroism.
  9335 | Lair:1   | Reached XP level 12. HP: 77/77 MP: 17/17
  9478 | Lair:1   | 9478 ||| READING scroll of acquirement.
  9478 | Lair:1   | 9478 ||| ACQUIRING +2 orcbow of flaming
  9478 | Lair:1   | Acquired a +2 orcbow of flaming
  9480 | Lair:1   | 9480 ||| SWAPPING to +2 orcbow of flaming.
  9481 | Lair:1   | 9481 ||| DROPPING +0 orcbow.
  9566 | Lair:1   | 9566 ||| RETREATING.
  9568 | Lair:1   | 9568 ||| Stepping ~*~*~tactically~*~*~ (retreating).
  9569 | Lair:1   | 9569 ||| Stepping ~*~*~tactically~*~*~ (retreating).
  9571 | Lair:1   | 9571 ||| Stepping ~*~*~tactically~*~*~ (retreating).
  9593 | Lair:1   | 9593 ||| INVOKING Heroism.
 10060 | Lair:1   | 10060 ||| INVOKING Heroism.
 10066 | Lair:1   | 10066 ||| Stepping ~*~*~tactically~*~*~ (retreating).
 10067 | Lair:1   | 10067 ||| Stepping ~*~*~tactically~*~*~ (retreating).
 10068 | Lair:1   | 10068 ||| Stepping ~*~*~tactically~*~*~ (retreating).
 10401 | Lair:1   | 10401 ||| DRINKING 2 pink potions.
 10402 | Lair:1   | 10402 ||| DRINKING 2 grey potions.
 10509 | Lair:2   | 10509 ||| INVOKING Heroism.
 10547 | Lair:2   | Found a staircase to the Swamp.
 10547 | Lair:2   | Noticed an eleionoma
 10556 | Lair:2   | 10556 ||| INVOKING Heroism.
 10556 | Lair:2   | HP: 8/77 [eleionoma/spray of wooden splinters (19)]
 10557 | Lair:2   | 10557 ||| READING 3 scrolls of teleportation.
 10558 | Lair:2   | Killed an eleionoma
 10561 | Lair:2   | Noticed an eight-headed hydra
 10562 | Lair:2   | 10562 ||| RETREATING.
 10563 | Lair:2   | Noticed a skyshark
 10565 | Lair:2   | 10565 ||| READING 2 scrolls of teleportation.
 10806 | Lair:2   | 10806 ||| INVOKING Heroism.
 10807 | Lair:2   | 10807 ||| RETREATING.
 11010 | Lair:2   | Killed a skyshark
 11011 | Lair:2   | Reached skill level 9 in Invocations
 11140 | Lair:2   | Found a hole to the Spider Nest.
 11148 | Lair:2   | 11148 ||| INVOKING Heroism.
 11161 | Lair:2   | Reached skill level 15 in Ranged Weapons
 11189 | Lair:2   | Killed an eight-headed hydra
 11189 | Lair:2   | Reached ***** piety under Okawaru
 11479 | Lair:2   | 11479 ||| DROPPING scarf of shadows.
 11480 | Lair:2   | 11480 ||| READING scroll labelled PIPEVU UMINE.
 11481 | Lair:2   | 11481 ||| DRINKING 2 murky inky potions.
 11518 | Lair:2   | 11518 ||| DRINKING 2 black potions.
 11519 | Lair:2   | 11519 ||| DROPPING potion of lignification.
 11520 | Lair:2   | 11520 ||| DROPPING potion of invisibility.
 11563 | Lair:3   | 11563 ||| RETREATING.
 11564 | Lair:3   | 11564 ||| INVOKING Heroism.
 11565 | Lair:3   | 11565 ||| Stepping ~*~*~tactically~*~*~ (retreating).
 11566 | Lair:3   | 11566 ||| Stepping ~*~*~tactically~*~*~ (retreating).
 11567 | Lair:3   | 11567 ||| Stepping ~*~*~tactically~*~*~ (retreating).
 11568 | Lair:3   | 11568 ||| Stepping ~*~*~tactically~*~*~ (retreating).
 11569 | Lair:3   | 11569 ||| Stepping ~*~*~tactically~*~*~ (retreating).
 11783 | Lair:3   | 11783 ||| RETREATING.
 11790 | Lair:3   | Received a gift from Okawaru
 11794 | Lair:3   | Noticed a death yak
 11795 | Lair:3   | 11795 ||| INVOKING Heroism.
 11796 | Lair:3   | 11796 ||| INVOKING Finesse.
 11798 | Lair:3   | Reached skill level 6 in Dodging
 11799 | Lair:3   | Noticed a death yak
 11814 | Lair:3   | Killed a death yak
 11825 | Lair:3   | Killed a death yak
 11976 | Lair:3   | Reached XP level 13. HP: 82/82 MP: 20/20
 11991 | Lair:3   | 11991 ||| FLEEEEING.
 11992 | Lair:3   | 11992 ||| FLEEEEING.
 11993 | Lair:3   | 11993 ||| FLEEEEING.
 11994 | Lair:3   | 11994 ||| FLEEEEING.
 11995 | Lair:3   | 11995 ||| STAIRDANCE
 12182 | Lair:3   | 12182 ||| INVOKING Heroism.
 12188 | Lair:3   | Reached skill level 16 in Ranged Weapons
 12307 | Lair:3   | 12307 ||| INVOKING Heroism.
 12315 | Lair:3   | Identified the +5 plate armour of Dogmatism {Dex+5}
                  | (Okawaru gifted it to you on level 3 of the Lair of Beasts)
 12315 | Lair:3   | Received a gift from Okawaru
 12746 | Lair:3   | 12746 ||| READING 3 scrolls of identify.
 12746 | Lair:3   | 12746 ||| IDENTIFYING ruby potion
 12747 | Lair:3   | 12747 ||| READING 2 scrolls of identify.
 12747 | Lair:3   | 12747 ||| IDENTIFYING clear potion
 12748 | Lair:3   | 12748 ||| DROPPING potion of degeneration.
 12859 | Lair:4   | 12859 ||| RETREATING.
 12865 | Lair:4   | 12865 ||| INVOKING Heroism.
 12966 | Lair:4   | 12966 ||| INVOKING Heroism.
 13067 | Lair:4   | 13067 ||| INVOKING Heroism.
 13141 | Lair:4   | 13141 ||| READING scroll of enchant armour.
 13141 | Lair:4   | 13141 ||| ENCHANTING +1 steam dragon scales.
 13404 | Lair:4   | Found a viscous altar of Jiyva.
 13405 | Lair:4   | Found a staircase to the Slime Pits.
 13503 | Lair:4   | 13503 ||| DROPPING amulet of magic regeneration.
 13504 | Lair:4   | 13504 ||| READING 4 scrolls of identify.
 13504 | Lair:4   | 13504 ||| IDENTIFYING fuming white potion
 13505 | Lair:4   | 13505 ||| DROPPING potion of berserk rage.
 13515 | Lair:5   | Entered Level 5 of the Lair of Beasts
 13530 | Lair:5   | 13530 ||| RETREATING.
 13586 | Lair:5   | 13586 ||| INVOKING Heroism.
 13634 | Lair:5   | 13634 ||| RETREATING.
 13686 | Lair:5   | 13686 ||| INVOKING Heroism.
 13743 | Lair:5   | 13743 ||| RETREATING.
 13759 | Lair:5   | Reached skill level 12 in Fighting
 13759 | Lair:5   | 13759 ||| FLEEEEING.
 13833 | Lair:5   | 13833 ||| INVOKING Heroism.
 13837 | Lair:5   | Reached skill level 6 in Armour
 13852 | Lair:5   | 13852 ||| READING scroll of enchant armour.
 13852 | Lair:5   | 13852 ||| ENCHANTING +2 steam dragon scales.
 13941 | Lair:5   | 13941 ||| INVOKING Heroism.
 13942 | Lair:5   | 13942 ||| INVOKING Finesse.
 13979 | Lair:5   | 13979 ||| RETREATING.
 14027 | Lair:5   | Identified the +8 longbow of Siwyle Dacu {elec, +Blink
                  | Int+4 Stlth+} (Okawaru gifted it to you on level 5 of the
                  | Lair of Beasts)
 14027 | Lair:5   | Received a gift from Okawaru
 14028 | Lair:5   | Gained mutation: Your large and strong wings let you fly.
                  | [Gargoyle growth]
 14028 | Lair:5   | Reached XP level 14. HP: 51/94 MP: 21/21
 14190 | Lair:5   | 14190 ||| SWAPPING to +8 longbow of Siwyle Dacu {elec,
                  | +Blink Int+4 Stlth+}.
 14191 | Lair:5   | 14191 ||| DROPPING +2 orcbow of flaming.
 14228 | Lair:5   | Noticed a dire elephant
 14229 | Lair:5   | 14229 ||| INVOKING Heroism.
 14237 | Lair:5   | Killed a dire elephant
 14246 | Lair:5   | 14246 ||| INVOKING Finesse.
 14292 | Lair:5   | 14292 ||| READING scroll of acquirement.
 14292 | Lair:5   | 14292 ||| ACQUIRING +5 ring of evasion
 14292 | Lair:5   | Acquired a +5 ring of evasion
 14294 | Lair:5   | 14294 ||| UPGRADING to +5 ring of evasion.
 14375 | Lair:5   | 14375 ||| Stepping ~*~*~tactically~*~*~ (retreating).
 14382 | Lair:5   | 14382 ||| RETREATING.
 14390 | Lair:5   | 14390 ||| Stepping ~*~*~tactically~*~*~ (retreating).
 14391 | Lair:5   | 14391 ||| Stepping ~*~*~tactically~*~*~ (retreating).
 14392 | Lair:5   | 14392 ||| Stepping ~*~*~tactically~*~*~ (retreating).
 14393 | Lair:5   | 14393 ||| Stepping ~*~*~tactically~*~*~ (retreating).
 14497 | Lair:5   | 14497 ||| RETREATING.
 14501 | Lair:5   | 14501 ||| Stepping ~*~*~tactically~*~*~ (retreating).
 14502 | Lair:5   | 14502 ||| Stepping ~*~*~tactically~*~*~ (retreating).
 14503 | Lair:5   | 14503 ||| Stepping ~*~*~tactically~*~*~ (retreating).
 14504 | Lair:5   | 14504 ||| Stepping ~*~*~tactically~*~*~ (retreating).
 14505 | Lair:5   | 14505 ||| Stepping ~*~*~tactically~*~*~ (retreating).
 14506 | Lair:5   | 14506 ||| Stepping ~*~*~tactically~*~*~ (retreating).
 14509 | Lair:5   | 14509 ||| Stepping ~*~*~tactically~*~*~ (retreating).
 14510 | Lair:5   | 14510 ||| Stepping ~*~*~tactically~*~*~ (retreating).
 14511 | Lair:5   | 14511 ||| Stepping ~*~*~tactically~*~*~ (retreating).
 14512 | Lair:5   | 14512 ||| Stepping ~*~*~tactically~*~*~ (retreating).
 14543 | Lair:5   | Reached skill level 17 in Ranged Weapons
 14964 | Lair:5   | 14964 ||| PLANNING D:1-11
 15161 | D:11     | Found a frozen archway.
 15531 | D:11     | Found a staircase to the Orcish Mines.
 15670 | D:11     | 15670 ||| PLANNING D
 15670 | D:11     | 15670 ||| DROPPING +2 pair of gloves.
 15671 | D:11     | 15671 ||| UPGRADING to ring of willpower.
 15714 | D:12     | Found a runed translucent door.
 15714 | D:12     | Noticed Awosutz's ghost (journeyman GrFi)
 15850 | D:12     | 15850 ||| Stepping ~*~*~tactically~*~*~ (outnumbered).
 15933 | D:12     | Received a gift from Okawaru
 15952 | D:12     | Reached ****** piety under Okawaru
 15977 | D:12     | 15977 ||| INVOKING Heroism.
 16080 | D:12     | 16080 ||| Stepping ~*~*~tactically~*~*~ (outnumbered).
 16285 | D:12     | 16285 ||| DROPPING +3 leather armour.
 16301 | D:13     | 16301 ||| STAIRDANCE
 16400 | D:13     | Reached skill level 18 in Ranged Weapons
 16439 | D:13     | 16439 ||| FLEEEEING.
 16440 | D:13     | 16440 ||| FLEEEEING.
 16457 | D:13     | 16457 ||| INVOKING Heroism.
 16459 | D:13     | 16459 ||| Stepping ~*~*~tactically~*~*~ (retreating).
 16460 | D:13     | 16460 ||| Stepping ~*~*~tactically~*~*~ (retreating).
 16461 | D:13     | 16461 ||| Stepping ~*~*~tactically~*~*~ (retreating).
 16462 | D:13     | 16462 ||| Stepping ~*~*~tactically~*~*~ (retreating).
 16463 | D:13     | 16463 ||| Stepping ~*~*~tactically~*~*~ (retreating).
 16464 | D:13     | 16464 ||| Stepping ~*~*~tactically~*~*~ (retreating).
 16466 | D:13     | 16466 ||| Stepping ~*~*~tactically~*~*~ (retreating).
 16470 | D:13     | 16470 ||| RETREATING.
 16498 | D:13     | 16498 ||| FLEEEEING.
 16499 | D:13     | 16499 ||| FLEEEEING.
 16500 | D:13     | 16500 ||| INVOKING Heroism.
 16505 | D:13     | 16505 ||| FLEEEEING.
 16510 | D:13     | 16510 ||| FLEEEEING.
 16511 | D:13     | 16511 ||| FLEEEEING.
 16512 | D:13     | 16512 ||| FLEEEEING.
 16513 | D:13     | 16513 ||| FLEEEEING.
 16514 | D:13     | 16514 ||| FLEEEEING.
 16515 | D:13     | 16515 ||| FLEEEEING.
 16518 | D:13     | 16518 ||| FLEEEEING.
 16519 | D:13     | 16519 ||| FLEEEEING.
 16520 | D:13     | 16520 ||| FLEEEEING.
 16521 | D:13     | 16521 ||| FLEEEEING.
 16735 | D:13     | 16735 ||| INVOKING Heroism.
 16736 | D:13     | 16736 ||| INVOKING Finesse.
 16772 | D:13     | 16772 ||| INVOKING Finesse.
 16926 | D:13     | 16926 ||| INVOKING Heroism.
 16931 | D:13     | Identified the +1 hand cannon of the Warrior-Mage {flame,
                  | Str+2} (Okawaru gifted it to you on level 13 of the
                  | Dungeon)
 16931 | D:13     | Received a gift from Okawaru
 16932 | D:13     | Reached skill level 19 in Ranged Weapons
 17059 | D:13     | 17059 ||| SWAPPING to +1 hand cannon of the Warrior-Mage
                  | {flame, Str+2}.
 17060 | D:13     | 17060 ||| DROPPING +8 longbow of Siwyle Dacu {elec, +Blink
                  | Int+4 Stlth+}.
 17062 | D:13     | Found a gate to the Vaults.
 17129 | D:13     | Reached XP level 15. HP: 98/98 MP: 22/22
 17192 | D:13     | 17192 ||| DROPPING +2 leather armour of willpower.
 17208 | D:14     | 17208 ||| PLANNING GAUNTLET
 17244 | D:14     | 17244 ||| Stepping ~*~*~tactically~*~*~ (retreating).
 17246 | D:14     | 17246 ||| Stepping ~*~*~tactically~*~*~ (retreating).
 17341 | D:14     | Noticed Snorg
 17348 | D:14     | Killed Snorg
 17367 | D:14     | 17367 ||| INVOKING Heroism.
 17368 | D:14     | 17368 ||| RETREATING.
 17377 | D:14     | 17377 ||| Stepping ~*~*~tactically~*~*~ (retreating).
 17381 | D:14     | 17381 ||| Stepping ~*~*~tactically~*~*~ (retreating).
 17382 | D:14     | 17382 ||| Stepping ~*~*~tactically~*~*~ (retreating).
 17628 | D:14     | 17628 ||| RIP GAUNTLET
 17629 | D:14     | 17629 ||| PLANNING D
 17642 | D:14     | Noticed Jorgrun
 17643 | D:14     | 17643 ||| INVOKING Heroism.
 17644 | D:14     | 17644 ||| INVOKING Finesse.
 17652 | D:14     | Killed Jorgrun
 17652 | D:14     | Received a gift from Okawaru
 18015 | D:14     | 18015 ||| DROPPING ring of resist corrosion.
 18016 | D:14     | 18016 ||| READING scroll labelled DOBBUZ IXKO.
 18036 | D:15     | Entered Level 15 of the Dungeon
 18148 | D:15     | 18148 ||| INVOKING Heroism.
 18391 | D:15     | 18391 ||| RETREATING.
 18393 | D:15     | 18393 ||| INVOKING Heroism.
 18404 | D:15     | Identified the -2 pair of boots of Okawaru {Will+ Dex+4
                  | Stlth+} (Okawaru gifted it to you on level 15 of the
                  | Dungeon)
 18404 | D:15     | Received a gift from Okawaru
 18410 | D:15     | Reached skill level 20 in Ranged Weapons
 18585 | D:15     | Found a portal to a secret trove of treasure.
 18719 | D:15     | 18719 ||| INVOKING Heroism.
 18793 | D:15     | Found a staircase to the Depths.
 19035 | D:15     | 19035 ||| PLANNING ORC
 19035 | D:15     | 19035 ||| UPGRADING to -2 pair of boots of Okawaru {Will+
                  | Dex+4 Stlth+}.
 19045 | D:15     | 19045 ||| DROPPING +0 pair of boots.
 19046 | D:15     | 19046 ||| DROPPING +3 ring mail.
 19150 | Orc:1    | Entered Level 1 of the Orcish Mines
 19231 | Orc:1    | 19231 ||| INVOKING Heroism.
 19393 | Orc:2    | Entered Level 2 of the Orcish Mines
 19398 | Orc:1    | Reached skill level 9 in Dodging
 19535 | Orc:1    | 19535 ||| Stepping ~*~*~tactically~*~*~ (outnumbered).
 19632 | Orc:2    | Found Xoghu's Assorted Antiques.
 19655 | Orc:2    | 19655 ||| BUYING scroll of identify (58 gold).
 19655 | Orc:2    | Bought a scroll of identify for 58 gold pieces
 19655 | Orc:2    | 19655 ||| BUYING scroll of teleportation (87 gold).
 19655 | Orc:2    | Bought a scroll of teleportation for 87 gold pieces
 19669 | Orc:2    | Noticed Maurice
 19670 | Orc:2    | 19670 ||| Stepping ~*~*~tactically~*~*~ (outnumbered).
 19677 | Orc:2    | Killed Maurice
 19755 | Orc:2    | 19755 ||| INVOKING Heroism.
 19827 | Orc:2    | Found Kusih's General Store.
 19830 | Orc:2    | Found Cyhosk's Magic Scroll Emporium.
 19836 | Orc:2    | 19836 ||| Stepping ~*~*~tactically~*~*~ (outnumbered).
 19841 | Orc:2    | 19841 ||| Stepping ~*~*~tactically~*~*~ (retreating).
 19842 | Orc:2    | 19842 ||| Stepping ~*~*~tactically~*~*~ (retreating).
 19863 | Orc:2    | 19863 ||| BUYING potion of curing (33 gold).
 19863 | Orc:2    | Bought a potion of curing for 33 gold pieces
 19863 | Orc:2    | 19863 ||| BUYING potion of enlightenment (55 gold).
 19863 | Orc:2    | Bought a potion of enlightenment for 55 gold pieces
 19863 | Orc:2    | 19863 ||| BUYING potion of haste (110 gold).
 19863 | Orc:2    | Bought a potion of haste for 110 gold pieces
 19863 | Orc:2    | 19863 ||| BUYING scroll of acquirement (572 gold).
 19863 | Orc:2    | Bought a scroll of acquirement for 572 gold pieces
 19863 | Orc:2    | 19863 ||| READING scroll of acquirement.
 19863 | Orc:2    | 19863 ||| ACQUIRING +5 heavy triple crossbow
 19863 | Orc:2    | Acquired a +5 heavy triple crossbow
 19865 | Orc:2    | 19865 ||| SWAPPING to +5 heavy triple crossbow.
 19866 | Orc:2    | 19866 ||| DROPPING +1 hand cannon of the Warrior-Mage
                  | {flame, Str+2}.
 19869 | Orc:2    | 19869 ||| BUYING scroll of enchant weapon (127 gold).
 19869 | Orc:2    | Bought a scroll of enchant weapon for 127 gold pieces
 19869 | Orc:2    | 19869 ||| BUYING scroll of teleportation (51 gold).
 19869 | Orc:2    | Bought a scroll of teleportation for 51 gold pieces
 19869 | Orc:2    | 19869 ||| BUYING scroll of teleportation (51 gold).
 19869 | Orc:2    | Bought a scroll of teleportation for 51 gold pieces
 19869 | Orc:2    | 19869 ||| READING scroll of enchant weapon.
 19869 | Orc:2    | 19869 ||| ENCHANTING +5 heavy triple crossbow.
 19913 | Orc:2    | Found Tiosch's Armour Shop.
 19955 | Orc:2    | Found Rudaenen's Magic Scroll Shop.
 19970 | Orc:2    | 19970 ||| BUYING scroll of enchant armour (112 gold).
 19970 | Orc:2    | Bought a scroll of enchant armour for 112 gold pieces
 19970 | Orc:2    | 19970 ||| BUYING scroll of enchant weapon (112 gold).
 19970 | Orc:2    | Bought a scroll of enchant weapon for 112 gold pieces
 19970 | Orc:2    | 19970 ||| BUYING scroll of teleportation (45 gold).
 19970 | Orc:2    | Bought a scroll of teleportation for 45 gold pieces
 20031 | Orc:2    | 20031 ||| READING scroll of enchant armour.
 20031 | Orc:2    | 20031 ||| ENCHANTING +3 steam dragon scales.
 20032 | Orc:2    | 20032 ||| READING scroll of enchant weapon.
 20032 | Orc:2    | 20032 ||| ENCHANTING +6 heavy triple crossbow.
 20227 | Orc:2    | Found a staircase to the Elven Halls.
 20407 | Orc:2    | 20407 ||| Stepping ~*~*~tactically~*~*~ (outnumbered).
 20409 | Orc:2    | 20409 ||| Stepping ~*~*~tactically~*~*~ (outnumbered).
 20411 | Orc:2    | 20411 ||| INVOKING Heroism.
 20412 | Orc:2    | 20412 ||| Stepping ~*~*~tactically~*~*~ (retreating).
 20422 | Orc:2    | 20422 ||| Stepping ~*~*~tactically~*~*~ (retreating).
 20460 | Orc:2    | 20460 ||| INVOKING Heroism.
 20626 | Orc:2    | 20626 ||| INVOKING Heroism.
 20630 | Orc:2    | 20630 ||| Stepping ~*~*~tactically~*~*~ (outnumbered).
 20755 | Orc:2    | 20755 ||| INVOKING Heroism.
 20759 | Orc:2    | Identified the orb of Vecoar {*Rage, rElec Regen+ Int+2
                  | Dex-4} (Okawaru gifted it to you on level 2 of the Orcish
                  | Mines)
 20759 | Orc:2    | Received a gift from Okawaru
 20774 | Orc:2    | Found Tinneog's Antique Armour Shop.
 20774 | Orc:2    | Found Nureamu's Jewellery Boutique.
 20778 | Orc:2    | 20778 ||| Stepping ~*~*~tactically~*~*~ (retreating).
 20783 | Orc:2    | Found a one-way gate leading to the halls of Pandemonium.
 20785 | Orc:2    | 20785 ||| BUYING fine robe (171 gold).
 20785 | Orc:2    | Bought a fine robe for 171 gold pieces
 20785 | Orc:2    | Identified the +0 robe "Fareiji" {Dex+2} (You bought it in
                  | a shop on level 2 of the Orcish Mines)
 20785 | Orc:2    | 20785 ||| BUYING glowing helmet (225 gold).
 20785 | Orc:2    | Bought a glowing helmet for 225 gold pieces
 20786 | Orc:2    | Reached XP level 16. HP: 105/105 MP: 23/23
 20788 | Orc:2    | 20788 ||| SHOPLISTING +4 ring of protection (468 gold, have
                  | 5).
 20788 | Orc:2    | 20788 ||| SHOPLISTING +4 ring of slaying (1014 gold, have
                  | 5).
 20788 | Orc:2    | 20788 ||| SHOPLISTING ring "Goprakyrph" {Fly rC+ Will+
                  | rCorr Stlth-} (570 gold, have 5).
 20788 | Orc:2    | 20788 ||| SHOPLISTING ring of Surprise {Drain rElec rF+
                  | Dex+6} (668 gold, have 5).
 20788 | Orc:2    | 20788 ||| SHOPLISTING ring of fire (325 gold, have 5).
 20788 | Orc:2    | 20788 ||| SHOPLISTING ring of protection from cold (325
                  | gold, have 5).
 20950 | Orc:2    | 20950 ||| PLANNING SPIDER:1-3
 20950 | Orc:2    | 20950 ||| DROPPING +0 cloak.
 20951 | Orc:2    | 20951 ||| DROPPING +0 robe "Fareiji" {Dex+2}.
 20952 | Orc:2    | 20952 ||| DROPPING +1 helmet of see invisible.
 21198 | Spider:1 | Entered Level 1 of the Spider Nest
 21312 | Spider:1 | 21312 ||| Stepping ~*~*~tactically~*~*~ (outnumbered).
 21338 | Spider:1 | 21338 ||| INVOKING Heroism.
 21460 | Spider:1 | 21460 ||| INVOKING Finesse.
 21723 | Spider:1 | 21723 ||| RETREATING.
 21724 | Spider:1 | 21724 ||| INVOKING Finesse.
 21994 | Spider:1 | 21994 ||| INVOKING Heroism.
 22097 | Spider:1 | 22097 ||| INVOKING Heroism.
 22481 | Spider:2 | Found a runed translucent door.
 22485 | Spider:2 | Noticed robotcentaur's ghost (adept TeNe)
 22953 | Spider:2 | 22953 ||| DRINKING 5 potions of curing.
 22953 | Spider:2 | 22953 ||| (to cure confusion)
 23498 | Spider:3 | 23498 ||| INVOKING Finesse.
 23500 | Spider:3 | 23500 ||| STAIRDANCE
 23553 | Spider:3 | 23553 ||| STAIRDANCE
 23586 | Spider:3 | Reached skill level 21 in Ranged Weapons
 23618 | Spider:3 | 23618 ||| FLEEEEING.
 23619 | Spider:3 | 23619 ||| FLEEEEING.
 23620 | Spider:3 | 23620 ||| FLEEEEING.
 23622 | Spider:3 | 23622 ||| FLEEEEING.
 23623 | Spider:3 | 23623 ||| FLEEEEING.
 23624 | Spider:3 | 23624 ||| FLEEEEING.
 23625 | Spider:3 | 23625 ||| STAIRDANCE
 23697 | Spider:3 | 23697 ||| INVOKING Heroism.
 23794 | Spider:3 | 23794 ||| RETREATING.
 23798 | Spider:3 | 23798 ||| Stepping ~*~*~tactically~*~*~ (retreating).
 23799 | Spider:3 | 23799 ||| Stepping ~*~*~tactically~*~*~ (retreating).
 23800 | Spider:3 | 23800 ||| Stepping ~*~*~tactically~*~*~ (retreating).
 23801 | Spider:3 | 23801 ||| Stepping ~*~*~tactically~*~*~ (retreating).
 23802 | Spider:3 | Identified the +2 cloak of the Beekeeper {rF- Str+3 Int+5}
                  | (Okawaru gifted it to you on level 3 of the Spider Nest)
 23802 | Spider:3 | Received a gift from Okawaru
 23805 | Spider:3 | 23805 ||| INVOKING Heroism.
 23811 | Spider:3 | HP: 20/107 [culicivora (8)]
 23812 | Spider:3 | 23812 ||| READING 8 scrolls of teleportation.
 23813 | Spider:3 | 23813 ||| DRINKING 3 potions of heal wounds.
 23946 | Spider:3 | 23946 ||| FLEEEEING.
 23947 | Spider:3 | 23947 ||| FLEEEEING.
 23948 | Spider:3 | 23948 ||| FLEEEEING.
 23949 | Spider:3 | 23949 ||| FLEEEEING.
 23950 | Spider:3 | 23950 ||| STAIRDANCE
 24030 | Spider:3 | Reached skill level 15 in Fighting
 24235 | Spider:3 | 24235 ||| PLANNING SWAMP:1-3
 24345 | Swamp:1  | Entered Level 1 of the Swamp
 24346 | Swamp:1  | 24346 ||| Stepping ~*~*~tactically~*~*~ (retreating).
 24347 | Swamp:1  | 24347 ||| INVOKING Heroism.
 24348 | Swamp:1  | 24348 ||| Stepping ~*~*~tactically~*~*~ (retreating).
 24355 | Swamp:1  | HP: 22/108 [six-headed hydra (8)]
 24356 | Swamp:1  | 24356 ||| READING 7 scrolls of teleportation.
 24357 | Swamp:1  | 24357 ||| DRINKING 2 potions of heal wounds.
 24393 | Swamp:1  | 24393 ||| INVOKING Heroism.
 24397 | Swamp:1  | HP: 26/108 [alligator (7)]
 24398 | Swamp:1  | 24398 ||| READING 6 scrolls of teleportation.
 24399 | Swamp:1  | 24399 ||| DRINKING potion of heal wounds.
 24563 | Swamp:1  | Noticed a thorn hunter
 24564 | Swamp:1  | 24564 ||| INVOKING Heroism.
 24565 | Swamp:1  | 24565 ||| INVOKING Finesse.
 24566 | Swamp:1  | Killed a thorn hunter
 24653 | Swamp:1  | 24653 ||| INVOKING Heroism.
 24745 | Swamp:1  | 24745 ||| INVOKING Heroism.
 24953 | Swamp:1  | 24953 ||| INVOKING Heroism.
 25099 | Swamp:2  | 25099 ||| RETREATING.
 25102 | Swamp:2  | 25102 ||| INVOKING Heroism.
 25121 | Swamp:2  | 25121 ||| INVOKING Heroism.
 25172 | Swamp:2  | Reached XP level 17. HP: 98/113 MP: 24/24
 25242 | Swamp:2  | 25242 ||| INVOKING Heroism.
 25372 | Swamp:2  | Reached skill level 22 in Ranged Weapons
 25480 | Swamp:2  | 25480 ||| INVOKING Heroism.
 26070 | Swamp:2  | 26070 ||| DROPPING +6 ring of strength.
 26071 | Swamp:2  | 26071 ||| UPGRADING to +4 ring of protection.
 26073 | Swamp:2  | 26073 ||| DROPPING ring of willpower.
 26219 | Swamp:3  | Identified the +0 longbow of the Final Decision {heavy, rN+
                  | Will+ Int+3 Dex+2 SInv} (Okawaru gifted it to you on level
                  | 3 of the Swamp)
 26219 | Swamp:3  | Received a gift from Okawaru
 26250 | Swamp:3  | 26250 ||| INVOKING Heroism.
 26304 | Swamp:3  | 26304 ||| INVOKING Heroism.
 26455 | Swamp:3  | 26455 ||| RETREATING.
 26460 | Swamp:3  | 26460 ||| Stepping ~*~*~tactically~*~*~ (retreating).
 26461 | Swamp:3  | 26461 ||| Stepping ~*~*~tactically~*~*~ (retreating).
 26462 | Swamp:3  | 26462 ||| Stepping ~*~*~tactically~*~*~ (retreating).
 26463 | Swamp:3  | 26463 ||| Stepping ~*~*~tactically~*~*~ (retreating).
 26466 | Swamp:3  | 26466 ||| INVOKING Heroism.
 26504 | Swamp:3  | 26504 ||| FLEEEEING.
 26505 | Swamp:3  | 26505 ||| FLEEEEING.
 26506 | Swamp:3  | 26506 ||| FLEEEEING.
 26507 | Swamp:3  | 26507 ||| FLEEEEING.
 26508 | Swamp:3  | 26508 ||| FLEEEEING.
 26509 | Swamp:3  | 26509 ||| FLEEEEING.
 26510 | Swamp:3  | 26510 ||| FLEEEEING.
 26511 | Swamp:3  | 26511 ||| FLEEEEING.
 26512 | Swamp:3  | 26512 ||| FLEEEEING.
 26513 | Swamp:3  | 26513 ||| FLEEEEING.
 26514 | Swamp:3  | 26514 ||| FLEEEEING.
 26820 | Swamp:3  | 26820 ||| PLANNING SPIDER:4
 27022 | Spider:4 | Entered Level 4 of the Spider Nest
 27023 | Spider:4 | 27023 ||| Stepping ~*~*~tactically~*~*~ (retreating).
 27024 | Spider:4 | 27024 ||| Stepping ~*~*~tactically~*~*~ (retreating).
 27025 | Spider:4 | 27025 ||| STAIRDANCE
 27121 | Spider:4 | 27121 ||| STAIRDANCE
 27128 | Spider:3 | 27128 ||| INVOKING Heroism.
 27222 | Spider:4 | 27222 ||| STAIRDANCE
 27274 | Spider:4 | 27274 ||| STAIRDANCE
 27332 | Spider:4 | 27332 ||| STAIRDANCE
 27395 | Spider:4 | 27395 ||| FLEEEEING.
 27421 | Spider:4 | 27421 ||| FLEEEEING.
 27422 | Spider:4 | 27422 ||| FLEEEEING.
 27423 | Spider:4 | 27423 ||| STAIRDANCE
 27634 | Spider:4 | 27634 ||| Stepping ~*~*~tactically~*~*~ (outnumbered).
 27715 | Spider:4 | 27715 ||| INVOKING Finesse.
 27751 | Spider:4 | 27751 ||| Stepping ~*~*~tactically~*~*~ (outnumbered).
 27796 | Spider:4 | 27796 ||| Stepping ~*~*~tactically~*~*~ (outnumbered).
 27799 | Spider:4 | 27799 ||| INVOKING Finesse.
 27956 | Spider:4 | 27956 ||| INVOKING Finesse.
 28123 | Spider:4 | 28123 ||| INVOKING Heroism.
 28184 | Spider:4 | 28184 ||| INVOKING Heroism.
 28188 | Spider:4 | 28188 ||| Stepping ~*~*~tactically~*~*~ (outnumbered).
 28287 | Spider:4 | 28287 ||| INVOKING Heroism.
 28295 | Spider:4 | 28295 ||| RETREATING.
 28299 | Spider:4 | 28299 ||| Stepping ~*~*~tactically~*~*~ (retreating).
 28300 | Spider:4 | 28300 ||| Stepping ~*~*~tactically~*~*~ (retreating).
 28301 | Spider:4 | 28301 ||| Stepping ~*~*~tactically~*~*~ (retreating).
 28302 | Spider:4 | 28302 ||| Stepping ~*~*~tactically~*~*~ (retreating).
 28303 | Spider:4 | 28303 ||| Stepping ~*~*~tactically~*~*~ (retreating).
 28315 | Spider:4 | Reached XP level 18. HP: 123/123 MP: 25/25
 28359 | Spider:4 | 28359 ||| INVOKING Heroism.
 28416 | Spider:4 | 28416 ||| INVOKING Heroism.
 28433 | Spider:4 | Reached skill level 12 in Dodging
 28474 | Spider:4 | 28474 ||| RETREATING.
 28475 | Spider:4 | 28475 ||| Stepping ~*~*~tactically~*~*~ (retreating).
 28476 | Spider:4 | 28476 ||| Stepping ~*~*~tactically~*~*~ (retreating).
 28477 | Spider:4 | 28477 ||| Stepping ~*~*~tactically~*~*~ (retreating).
 28478 | Spider:4 | 28478 ||| Stepping ~*~*~tactically~*~*~ (retreating).
 28493 | Spider:4 | Reached skill level 9 in Armour
 28782 | Spider:4 | Got a gossamer rune of Zot
 28802 | Spider:4 | 28802 ||| PLANNING VAULTS:1-4
 28802 | Spider:4 | 28802 ||| DROPPING scarf of resistance.
 28803 | Spider:4 | 28803 ||| DROPPING scarf of invisibility.
 29135 | Vaults:1 | Entered Level 1 of the Vaults
 29158 | Vaults:1 | 29158 ||| FLEEEEING.
 29159 | Vaults:1 | 29159 ||| FLEEEEING.
 29160 | Vaults:1 | 29160 ||| FLEEEEING.
 29166 | Vaults:1 | 29166 ||| Stepping ~*~*~tactically~*~*~ (retreating).
 29167 | Vaults:1 | 29167 ||| Stepping ~*~*~tactically~*~*~ (retreating).
 29169 | Vaults:1 | 29169 ||| Stepping ~*~*~tactically~*~*~ (retreating).
 29176 | Vaults:1 | 29176 ||| INVOKING Heroism.
 29180 | Vaults:1 | Identified the +0 triple crossbow of Goudgh {freeze, rN+
                  | Will+ rCorr Dex-2} (Okawaru gifted it to you on level 1 of
                  | the Vaults)
 29180 | Vaults:1 | Received a gift from Okawaru
 29185 | Vaults:1 | 29185 ||| INVOKING Finesse.
 29188 | Vaults:1 | HP: 29/124 [deep troll[an ironbound preserver] (5)]
 29189 | Vaults:1 | 29189 ||| READING 5 scrolls of teleportation.
 29190 | Vaults:1 | 29190 ||| DRINKING 3 potions of heal wounds.
 29448 | Vaults:1 | 29448 ||| INVOKING Heroism.
 29449 | Vaults:1 | 29449 ||| INVOKING Finesse.
 29452 | Vaults:1 | 29452 ||| Stepping ~*~*~tactically~*~*~ (retreating).
 29500 | Vaults:1 | 29500 ||| Stepping ~*~*~tactically~*~*~ (outnumbered).
 29502 | Vaults:1 | 29502 ||| Stepping ~*~*~tactically~*~*~ (outnumbered).
 29504 | Vaults:1 | 29504 ||| Stepping ~*~*~tactically~*~*~ (outnumbered).
 29506 | Vaults:1 | 29506 ||| Stepping ~*~*~tactically~*~*~ (outnumbered).
 29508 | Vaults:1 | 29508 ||| Stepping ~*~*~tactically~*~*~ (outnumbered).
 29510 | Vaults:1 | 29510 ||| INVOKING Heroism.
 29511 | Vaults:1 | 29511 ||| INVOKING Finesse.
 29514 | Vaults:1 | 29514 ||| Stepping ~*~*~tactically~*~*~ (outnumbered).
 29523 | Vaults:1 | Reached skill level 18 in Fighting
 29583 | Vaults:1 | 29583 ||| RETREATING.
 29596 | Vaults:1 | 29596 ||| Stepping ~*~*~tactically~*~*~ (retreating).
 29597 | Vaults:1 | 29597 ||| Stepping ~*~*~tactically~*~*~ (retreating).
 29598 | Vaults:1 | 29598 ||| Stepping ~*~*~tactically~*~*~ (retreating).
 29599 | Vaults:1 | 29599 ||| Stepping ~*~*~tactically~*~*~ (retreating).
 29649 | Vaults:1 | 29649 ||| INVOKING Heroism.
 29651 | Vaults:1 | 29651 ||| RETREATING.
 29656 | Vaults:1 | 29656 ||| Stepping ~*~*~tactically~*~*~ (retreating).
 29657 | Vaults:1 | 29657 ||| Stepping ~*~*~tactically~*~*~ (retreating).
 29658 | Vaults:1 | 29658 ||| Stepping ~*~*~tactically~*~*~ (retreating).
 29659 | Vaults:1 | 29659 ||| Stepping ~*~*~tactically~*~*~ (retreating).
 29660 | Vaults:1 | 29660 ||| Stepping ~*~*~tactically~*~*~ (retreating).
 29661 | Vaults:1 | 29661 ||| Stepping ~*~*~tactically~*~*~ (retreating).
 29662 | Vaults:1 | 29662 ||| Stepping ~*~*~tactically~*~*~ (retreating).
 29663 | Vaults:1 | 29663 ||| Stepping ~*~*~tactically~*~*~ (retreating).
 29664 | Vaults:1 | 29664 ||| Stepping ~*~*~tactically~*~*~ (retreating).
 29673 | Vaults:1 | HP: 24/125 [very large slime creature (17)]
 29674 | Vaults:1 | 29674 ||| READING 4 scrolls of teleportation.
 29675 | Vaults:1 | 29675 ||| DRINKING 2 potions of heal wounds.
 29706 | Vaults:1 | 29706 ||| INVOKING Heroism.
 29923 | Vaults:1 | 29923 ||| INVOKING Heroism.
 29937 | Vaults:1 | 29937 ||| DROPPING +0 triple crossbow of Goudgh {freeze,
                  | rN+ Will+ rCorr Dex-2}.
 30250 | Vaults:1 | Received a gift from Okawaru
 30564 | Vaults:1 | 30564 ||| Stepping ~*~*~tactically~*~*~ (outnumbered).
 30568 | Vaults:1 | 30568 ||| FLEEEEING.
 30575 | Vaults:1 | 30575 ||| STAIRDANCE
 30627 | Vaults:1 | 30627 ||| FLEEEEING.
 30628 | Vaults:1 | 30628 ||| FLEEEEING.
 30629 | Vaults:1 | 30629 ||| FLEEEEING.
 30630 | Vaults:1 | 30630 ||| STAIRDANCE
 30734 | Vaults:1 | 30734 ||| STAIRDANCE
 30845 | Vaults:1 | 30845 ||| STAIRDANCE
 30899 | Vaults:1 | Received a gift from Okawaru
 31030 | Vaults:1 | 31030 ||| DROPPING ring of ice.
 31055 | Vaults:2 | 31055 ||| Stepping ~*~*~tactically~*~*~ (retreating).
 31056 | Vaults:2 | 31056 ||| Stepping ~*~*~tactically~*~*~ (retreating).
 31059 | Vaults:2 | 31059 ||| Stepping ~*~*~tactically~*~*~ (retreating).
 31062 | Vaults:2 | 31062 ||| Stepping ~*~*~tactically~*~*~ (retreating).
 31066 | Vaults:2 | 31066 ||| INVOKING Heroism.
 31075 | Vaults:2 | HP: 30/126 [acid (11)]
 31076 | Vaults:2 | 31076 ||| READING 3 scrolls of teleportation.
 31077 | Vaults:2 | 31077 ||| DRINKING potion of heal wounds.
 31341 | Vaults:2 | Identified the +4 glaive "Beetlebane" {pain, rElec Str-5
                  | Int+3}
 31406 | Vaults:2 | 31406 ||| RETREATING.
 31412 | Vaults:2 | 31412 ||| INVOKING Heroism.
 31425 | Vaults:2 | Annihilated by a titanic slime creature

Levels and vault maps discovered:
D:1:      minmay_arrival_stair_chambers, layout_rooms, minmay_pentomino_z2
D:2:      layout_loops_ring, nicolae_hexahallways, minmay_cut_off, uniq_robin
D:3:      layout_loops_ring, nicolae_dithmenos_through_a_glass_darkly,
          serial_shops, shop
D:4:      layout_loops_ring, mainiacjoe_overflow_two_lobes,
          lightli_sewer_entry_pipes
D:5:      layout_basic, mainiacjoe_overflow_paths,
          nicolae_yredelemnul_corpse_copse
D:6:      layout_loops_ring, mainiacjoe_overflow_surrounded_room,
          amethyst_overflow_temple_binary, minmay_temple_entry_hall,
          nrook_mini_backslash
D:7:      layout_rooms, okawaru_metal_pillars_1_2, tgw_sif,
          eino_small_chamber_without_monster
D:8:      layout_rooms, elyvilon_altar_3, roderic_lattice_a,
          minmay_chambers_of_fives, uniq_erica, uniq_maggie
D:9:      layout_roguey, lemuel_doored_altar, lightli_temple_of_fire,
          jiyva_altar_1
D:10:     layout_basic, kennysheep_mini_moat, minmay_lair_entry_grove
D:11:     layout_roguey, orc_0_dummy, portal_ice_cave_entry_pillars_2
D:12:     layout_roguey, hellmonk_ghost_big_iron, nrook_mini_vaults
D:13:     cheibrodos_fzero, layout_rooms, hellmonk_vaults_keyhole
D:14:     layout_rooms, serial_corexii_hall, chequers_hall_statues_wall_a,
          corexii_hall_statues_i, minmay_holes, gauntlet_entry_generic,
          chequers_serial_rivers_micro_d, uniq_snorg, uniq_jorgrun
D:15:     grunt_enter_depths_magical_seal, layout_long_grid, enter_trove_0,
          hangedman_abyss_or_decor_jellyfish_corner
Temple:   hellmonk_temple_forest_ring
Lair:1:   layout_layer_cave
Lair:2:   layout_gridlike, alex1729_swamp_entry_worm_eleionoma,
          spider_nest_entry_web_field, nicolae_quartered_pool_little,
          eino_small_chamber_without_monster, cheibrodos_lair_caveside_slide,
          serial_bayou_shore_b
Lair:3:   layout_chaotic_city, infiniplex_staircase_pool_2
Lair:4:   layout_loops_ring, dpeg_slime_entry_enclosed, grunt_megastairs_2
Lair:5:   grunt_lair_end_beastmaster, layout_big_grid,
          chequers_serial_rivers_small_3, chequers_serial_rivers_room_b,
          eino_small_chamber_without_monster
Swamp:1:  layout_falls_marsh, serial_swamp_ruin, evilmike_swamp_ruin_house_3,
          evilmike_swamp_ruin_rubble_1, swamp_pool3, hangedman_swamp_phenomena,
          infiniplex_staircase_pool
Swamp:2:  nicolae_swamp_flooded_prison, layout_basic_swamp, hangedman_swamp_pad,
          swamp_pool1, nicolae_swamp_catching_bugs
Swamp:3:  nicolae_swamp_ascending_descending, layout_basic_swamp,
          evilmike_swamp_ruin_rubble_2, swamp_pool2
Spider:1: layout_spider_delve
Spider:2: layout_chambers, gammafunk_ghost_grave
Spider:3: layout_spider_delve
Spider:4: floodkiller_spider_rune_tomb
Orc:1:    layout_caves
Orc:2:    pf_orc_diabolical, layout_diamond_mine, serial_shops, shop,
          nicolae_shop_just_a_little_nook, shop, uniq_maurice
Vaults:1: nicolae_vaults_tangram_2, nicolae_vaults_closet_pinwheel_4, v_misc_12,
          hangedman_vaults_river_flow, v_misc_18,
          nicolae_vaults_closet_pinwheel_5, v_alt_pattern_4,
          nicolae_vaults_tetromino_T_2, nicolae_vaults_ninety_degrees,
          nicolae_vaults_trapezoid_lopsided_1, vaults_room_semicircle,
          vaults_room_stairs_pillars, layout_vaults_maze_snakey
Vaults:2: nicolae_vaults_shipping_containers_6,
          minmay_crypt_entry_simple_statues, v_misc_5, nicolae_vaults_cochlea,
          nicolae_vaults_little_ls, grunt_vaults_focal,
          nicolae_vaults_tetromino_T_2, vaults_room_corners,
          nicolae_vaults_stepped_doors, nicolae_vaults_double_plus_1,
          layout_vaults_big_room, serial_shops, nicolae_square_shop

Skill      XL: |  1  2  3  4  5  6  7  8  9 10 11 12 13 14 15 16 17 18 |
---------------+-------------------------------------------------------+-----
Armour         | 1 2 3 4 6 7 8 9 |  9.0
Ranged Weapons | 5 6 7 8 10 11 13 14 15 16 19 20 21 22 | 22.0
Fighting       | 3 4 5 6 8 9 10 13 15 17 18 | 18.9
Dodging        | 2 4 5 6 7 10 11 13 | 13.0
Invocations    | 1 4 7 10 | 10.0
Stealth        | |  1.1

Action                     |  1- 3 |  4- 6 |  7- 9 | 10-12 | 13-15 | 16-18 || total
---------------------------+-------+-------+-------+-------+-------+-------++-------
   Fire: Shortbow          |   105 |   343 |   580 |    78 |       |       ||  1106
         Orcbow            |       |       |       |   775 |   362 |       ||  1137
         Longbow           |       |       |       |       |   314 |       ||   314
         Hand cannon       |       |       |       |       |   352 |       ||   352
         Triple crossbow   |       |       |       |       |    83 |   777 ||   860
 Invoke: Heroism           |       |       |     1 |    28 |    26 |    32 ||    87
         Finesse           |       |       |       |     1 |     5 |    10 ||    16
    Use: Scroll            |     4 |     3 |     9 |     8 |    11 |     6 ||    41
         Potion            |       |     3 |     5 |     4 |       |     7 ||    19
 Armour: Leather armour    |     8 |       |       |       |       |       ||     8
         Ring mail         |    23 |   133 |   259 |       |       |       ||   415
         Robe              |       |       |    55 |    65 |       |       ||   120
         Steam dragon scal |       |       |       |   263 |   251 |   440 ||   954
  Dodge: Dodged            |    25 |   108 |   283 |   411 |   422 |  1248 ||  2497

Table legend:
 A = Non-vault XP
 B = Vault XP
 C = Vault XP percentage of total XP
 D = Non-vault monster count
 E = Vault monster count
 F = Vault count percentage of total count
                 A         B        C        D         E       F
            +---------+---------+-------+---------+---------+-------
      Total |  204746 |  106049 |  34.1 |     748 |     319 |  29.9
            +---------+---------+-------+---------+---------+-------
        D:1 |      35 |       2 |   5.4 |      20 |       2 |   9.1
        D:2 |      35 |      33 |  48.5 |      11 |      10 |  47.6
        D:3 |     145 |       0 |   0.0 |      33 |       0 |   0.0
        D:4 |     429 |      99 |  18.8 |      17 |      14 |  45.2
        D:5 |    1152 |     219 |  16.0 |      32 |       5 |  13.5
        D:6 |     611 |       0 |   0.0 |      10 |       0 |   0.0
        D:7 |    1545 |      35 |   2.2 |      36 |       1 |   2.7
        D:8 |     673 |    1883 |  73.7 |      14 |       7 |  33.3
        D:9 |    3714 |     203 |   5.2 |      31 |       4 |  11.4
       D:10 |    2701 |    2273 |  45.7 |      19 |      13 |  40.6
       D:11 |    2818 |       0 |   0.0 |      15 |       0 |   0.0
       D:12 |    5197 |       0 |   0.0 |      27 |       0 |   0.0
       D:13 |    4376 |   11734 |  72.8 |       9 |      22 |  71.0
       D:14 |   11266 |    2733 |  19.5 |      24 |       2 |   7.7
       D:15 |    5517 |    4506 |  45.0 |      21 |      10 |  32.3
     Lair:1 |    4822 |       0 |   0.0 |      24 |       0 |   0.0
     Lair:2 |    4593 |    1032 |  18.3 |      14 |       1 |   6.7
     Lair:3 |    8845 |       0 |   0.0 |      30 |       0 |   0.0
     Lair:4 |    5510 |    1124 |  16.9 |      13 |       4 |  23.5
     Lair:5 |   11862 |   10049 |  45.9 |      40 |      19 |  32.2
    Swamp:1 |   12351 |     889 |   6.7 |      20 |       4 |  16.7
    Swamp:2 |    8907 |   12198 |  57.8 |      18 |      25 |  58.1
    Swamp:3 |   14322 |       0 |   0.0 |      25 |       0 |   0.0
   Spider:1 |   14091 |       0 |   0.0 |      38 |       0 |   0.0
   Spider:2 |    8786 |       0 |   0.0 |      24 |       0 |   0.0
   Spider:3 |   18167 |       0 |   0.0 |      41 |       0 |   0.0
   Spider:4 |   13313 |   27253 |  67.2 |      31 |      51 |  62.2
      Orc:1 |    1820 |       0 |   0.0 |      27 |       0 |   0.0
      Orc:2 |    1971 |   14617 |  88.1 |      26 |      60 |  69.8
   Vaults:1 |   24548 |   13773 |  35.9 |      42 |      18 |  30.0
   Vaults:2 |   10624 |    1087 |   9.3 |      16 |       1 |   5.9
      Sewer |       0 |     307 | 100.0 |       0 |      46 | 100.0
            +---------+---------+-------+---------+---------+-------
